 Dungeon Crawl Stone Soup version 0.27.1-15-g792fb953b9 (webtiles) character file.

Game seed: 17590752684035416297

94 belegose the Firebug (level 4, -11/35 HPs)
             Began as a Demigod Fire Elementalist on Nov 20, 2021.
             Killed by divine providence
             ... invoked by an orc priest
              (15 damage)
             ... on level 3 of the Dungeon.
             The game lasted 00:07:12 (2663 turns).

belegose the Firebug (Demigod Fire Elementalist)    Turns: 2663, Time: 00:07:12

Health: -11/35     AC:  3    Str: 13    XL:     4   Next: 16%
Magic:  10/10      EV: 12    Int: 17    God:
Gold:   86         SH:  0    Dex: 14    Spells: 6/7 levels left

rFire    . . .     SeeInvis .   a - +2 dagger (venom)
rCold    . . .     Faith    .   (no shield)
rNeg     . . .     Spirit   .   n - +0 robe
rPois    .         Reflect  .   (no helmet)
rElec    .         Harm     .   q - +0 cloak
rCorr    .         Rampage  .   (no gloves)
Will     .....                  (no boots)
Stlth    ++........             (no amulet)
HPRegen  0.11/turn              (no ring)
MPRegen  0.12/turn              (no ring)

@: no status effects
A: high mp 1, forlorn
a: no special abilities


You were on level 3 of the Dungeon.
You visited 1 branch of the dungeon, and saw 3 of its levels.

You collected 86 gold pieces.

Inventory:

Hand Weapons
 a - a +2 dagger of venom (weapon)
 b - a +4 short sword
Missiles
 i - 6 javelins
Armour
 f - a +0 ring mail
 n - a +0 robe (worn)
 q - a +0 cloak (worn)
Magical Staves
 d - a staff of cold
Jewellery
 o - a ring of see invisible
Wands
 l - a wand of mindburst (8)
Scrolls
 g - a scroll of identify {unknown}
 h - a scroll of blinking {unknown}
 j - 2 scrolls of teleportation {unknown}
 k - a scroll of holy word {unknown}
Potions
 c - a potion of mutation {unknown}
 e - a potion of flight {unknown}
 m - a potion of heal wounds {unknown}
 p - 2 potions of lignification {unknown}


   Skills:
 + Level 1.6 Fighting
 - Level 1.7 Dodging
 - Level 1.7 Stealth
 + Level 2.4 Spellcasting
 + Level 2.0 Conjurations
 + Level 3.3 Fire Magic


You had 6 spell levels left.
You knew the following spells:

 Your Spells              Type           Power      Damage    Failure   Level
a - Foxfire               Conj/Fire      44%        2x1d6     6%          1

Your spell library contained the following spells:

 Spells                   Type           Power      Damage    Failure   Level
 Pain                     Necr           8%         1d4       19%         1
 Conjure Flame            Conj/Fire      11%        6-21      19%         3
 Inner Flame              Hex/Fire       7%         N/A       28%         3
 Sticky Flame             Conj/Fire      11%        2d3       52%         4
 Fireball                 Conj/Fire      5%         3d5       86%         5
 Agony                    Necr           2%         N/A       99%         5
 Excruciating Wounds      Necr           1%         N/A       99%         5


Dungeon Overview and Level Annotations

Branches:
Dungeon (3/15)

Annotations:
D:2 Sigmund


Innate Abilities, Weirdness & Mutations

Your attributes grow dramatically as you level up.
You have an increased reservoir of magic. (+10% MP)
You shall have no god before yourself.


Message History

There is an open door here.
j - 2 scrolls labelled MACLODOVEWI (gained 1)
You open the door.
There is an open door here.
A kobold comes into view. It is wielding a +0 dagger.
The helpless kobold fails to defend itself.
You hit the kobold.
You kill the kobold!
Things that are here:
a +0 dagger; 3 stones You open the door.
There is an open door here.
You pick up a book of Pain and begin reading...
You add the spells Pain, Agony and Excruciating Wounds to your library.
An orc priest is nearby!
You close the door.
You open the door.
There is an open door here.
Casting: Foxfire (safe; 6% risk of failure)
Confirm with . or Enter, or press ? or * to list all spells.
You conjure some foxfire!
The orc priest mumbles some strange prayers to Beogh against you.
Beogh smites you!
The foxfire hits the orc priest.
The orc priest is moderately wounded.
The foxfire hits the orc priest.
The orc priest is moderately wounded.
The orc priest mumbles some strange prayers to Beogh against you.
Beogh smites you!
You hear a shout!
The orc wizard casts a spell at you. The puff of flame hits you!
* * * LOW HITPOINT WARNING * * *
There is an open door here.
You close the door.
Things that are here:
a +0 dagger; 3 stones The orc priest mumbles some strange prayers to Beogh against you.
Beogh smites you!
You die...

#.##..#.#......##.######.#
#..........#####...##
####..........#.....#
#.......##.##...##
##..######.###.## #.....#
#.# #.# ##.##.# #.# #.#
#.##.# #.###'##
#.##@###.##...##
#....)o.o#.....##
##.#.####.......##
###....###.........#
#........+..o......+
#.#...####.........#
#.##.## ##o......## #.####
##.o...## #.# ##...##


You could see an orc priest and an orc wizard.

Vanquished Creatures
  3 adders (D:2)
  A worm (D:2)
  3 dart slugs
  6 ball pythons
  7 endoplasms
  4 goblins
  2 hobgoblins (D:1)
  3 jackals (D:1)
  7 quokkas
  6 bats
  3 frilled lizards
  9 kobolds
  3 rats (D:1)
57 creatures vanquished.

Vanquished Creatures (others)
  132 foxfires
132 creatures vanquished.

Grand Total: 189 creatures vanquished

Notes
Turn   | Place    | Note
-------+----------+-------------------------------------------
     0 | D:1      | belegose the Demigod Fire Elementalist began the quest for
                  | the Orb.
     0 | D:1      | Reached XP level 1. HP: 14/14 MP: 5/5
    40 | D:1      | Reached skill level 1 in Conjurations
   314 | D:1      | Reached XP level 2. HP: 22/22 MP: 4/7
   626 | D:1      | Reached skill level 3 in Fire Magic
   791 | D:1      | Reached skill level 1 in Fighting
  1058 | D:1      | Reached XP level 3. HP: 28/28 MP: 6/8
  1628 | D:2      | Noticed Sigmund
  2201 | D:2      | Reached XP level 4. HP: 35/35 MP: 10/10
  2663 | D:3      | Killed from afar by an orc priest

Illustrated notes

Levels and vault maps discovered:
D:1:      scummos_arrival_simple_fountains, layout_loops_ring
D:2:      layout_basic, shapermc_ecumenical_altar_acropolis, uniq_sigmund
D:3:      layout_loops_corners, gammafunk_temple_overflow_elements,
          okawaru_ov_weapons_minmay, grunt_ministairs_5

Skill      XL: |  1  2  3  4 |
---------------+-------------+-----
Conjurations   | 1 2 |  2.0
Spellcasting   | 2 |  2.4
Fire Magic     | 3 |  3.3
Fighting       | 1 |  1.6
Dodging        | |  1.7
Stealth        | |  1.7

Action                   |  1- 3 |  4- 6 || total
-------------------------+-------+-------++-------
Melee: Mace              |     8 |       ||     8
       Staff             |    27 |       ||    27
       Dagger            |    16 |     5 ||    21
 Cast: Foxfire           |    71 |     5 ||    76
 Stab: Sleeping          |     3 |     2 ||     5
Armor: Robe              |    12 |     3 ||    15
       Ring mail         |     5 |       ||     5
Dodge: Dodged            |    52 |     9 ||    61
